 Dungeon Crawl Stone Soup version 0.30.0-30-g96aa6591b8 (webtiles) character file.

Game seed: 11939798441121042706

126250 notrotatoenough the Carver (level 16, -1/124 HPs)
             Began as a Demonspawn Gladiator on June 27, 2023.
             Was a High Priest of Okawaru.
             Succumbed to poison (poison gas)
             ... on level 2 of the Swamp.
             The game lasted 00:57:08 (25175 turns).

notrotatoenough the Carver (Demonspawn Gladiator)  Turns: 25175, Time: 00:57:09

Health: -1/124     AC: 35    Str: 22    XL:     16   Next: 43%
Magic:  21/21      EV: 15    Int:  9    God:    Okawaru [*****.]
Gold:   2429       SH: 22    Dex: 16    Spells: 15/15 levels left

rFire   + . .        E - +7 Throatcutter {drain, coup de grace}
rCold   + . .        T - +0 kite shield
rNeg    . . .        n - +3 plate armour {rF+}
rPois   .            (helmet unavailable)
rElec   .            W - +2 cloak {rC+}
rCorr   .            L - +2 pair of gloves {hurl}
SInv    +            P - +0 pair of boots {rampage}
Will    +....        z - amulet of regeneration Stlth
                     I - +5 ring of evasion
HPRegen 1.20/turn    v - +4 ring of protection
MPRegen 0.17/turn

%: rampage
@: lethally poisoned (-1 -> -26), heroic
A: antennae 3, large bone plates 3, powered by death 2, powered by pain 3
a: Renounce Religion, Heroism, Finesse, Duel


You were on level 2 of the Swamp.
You worshipped Okawaru.
Okawaru was extremely pleased with you.
You visited 5 branches of the dungeon, and saw 26 of its levels.
You also visited: Ice Cave.

You collected 3982 gold pieces.
You spent 1553 gold pieces at shops.

Inventory:

Hand Weapons
 a - the +1 mace of Greatest Utility {flame, Str+3 Dex+3 SInv}
   (You found it on level 3 of the Lair of Beasts)

   Str:       It affects your strength (+3).
   Dex:       It affects your dexterity (+3).
   SInv:      It lets you see invisible.
 c - the +5 great sword "Bunuus" {heavy, rPois Will- Str+4}
   (Okawaru gifted it to you on level 2 of the Orcish Mines)

   Str:       It affects your strength (+4).
   rPois:     It protects you from poison.
   Will:      It decreases your willpower.
 h - a +4 scimitar of flaming
 q - the +9 falchion "Zesil" {venom, Fragile rC+ rN+}
   (Okawaru gifted it to you on level 1 of the Swamp)

   rC:        It protects you from cold.
   rN:        It protects you from negative energy.
   Fragile:   It will be destroyed if unequipped.
 E - the +7 Throatcutter (weapon) {drain, coup de grace}
   (You found it on level 6 of the Dungeon)
Missiles
 d - 3 throwing nets (quivered)
 e - 6 javelins
 i - a silver javelin
Armour
 n - a +3 plate armour of fire resistance (worn)
 L - a +2 pair of gloves of hurling (worn)
 P - a +0 pair of boots of rampaging (worn)
 T - a +0 kite shield (worn)
 W - a +2 cloak of cold resistance (worn)
 X - a +1 cloak of poison resistance
Jewellery
 m - a ring of magical power
 u - the amulet "Royzagoo" {Faith +Blink Will++ rCorr Int-3}
   (You found it on level 5 of the Lair of Beasts)

   [amulet of faith]

   It allows you to gain divine favour quickly.
   Int:       It affects your intelligence (-3).
   +Blink:    It lets you blink.
   rCorr:     It protects you from acid and corrosion.
   Will:      It greatly increases your willpower.
 v - a +4 ring of protection (right hand)
 y - a +6 ring of dexterity
 z - an amulet of regeneration (around neck)
 I - a +5 ring of evasion (left hand)
 K - a ring of protection from fire
 S - a ring of positive energy
 U - a ring of ice
Wands
 A - a wand of flame (65)
 N - a wand of acid (10)
 Q - a wand of digging (6)
 Y - a wand of roots (15)
Scrolls
 g - a scroll of identify
 k - 3 scrolls of teleportation
 p - 2 scrolls of blinking
 B - a scroll of magic mapping
 D - a scroll of brand weapon
 F - 3 scrolls of fog
 H - 2 scrolls of silence
 M - 8 scrolls of fear
 O - 4 scrolls of enchant weapon
Potions
 b - a potion of invisibility
 f - 2 potions of might
 j - 2 potions of magic
 l - 5 potions of haste
 o - 9 potions of curing
 s - 3 potions of ambrosia
 w - a potion of resistance
 x - 3 potions of berserk rage
 C - 4 potions of cancellation
 J - 2 potions of flight
 V - a potion of brilliance


   Skills:
 + Level 10.8(15.8) Fighting
 + Level 14.2(19.2) Long Blades
 - Level 10.1(15.1) Axes
 - Level 1.7(6.7) Throwing
 - Level 14.0(19.0) Armour
 - Level 2.7(7.7) Dodging
 - Level 1.0(6.0) Stealth
 - Level 11.9(16.9) Shields
 - Level 7.0 Invocations
 - Level 7.0 Evocations


You had 15 spell levels left.
You didn't know any spells.
Your spell library contained the following spells:

 Spells                   Type           Power      Damage    Failure   Level
 Apportation              Tloc           0%         N/A       99%         1
 Freeze                   Ice            0%         1d3       99%         1
 Kiss of Death            Conj/Necr      0%         2d5       99%         1
 Necrotise                Necr           0%         1d4       99%         1
 Blink                    Tloc           0%         N/A       99%         2
 Cigotuvi's Dreadful Rot  Necr/Pois/Air  0%         N/A       99%         2
 Lesser Beckoning         Tloc           0%         N/A       99%         2
 Momentum Strike          Conj/Tloc      0%         3d8       99%         2
 Poisonous Vapours        Pois/Air       0%         N/A       99%         2
 Scorch                   Fire           0%         2d5       99%         2
 Confusing Touch          Hex            0%         N/A       100%        3
 Frozen Ramparts          Ice            0%         1d1       100%        3
 Gell's Gravitas          Tloc           0%         N/A       100%        3
 Hailstorm                Conj/Ice       0%         3d3       100%        3
 Ignite Poison            Fire/Tmut/Pois 0%         N/A       100%        3
 Mephitic Cloud           Conj/Pois/Air  0%         N/A       100%        3
 Spider Form              Tmut/Pois      0%         N/A       100%        3
 Teleport Other           Tloc           0%         N/A       100%        3
 Cause Fear               Hex            0%         N/A       100%        4
 Dispel Undead            Necr           0%         3d6       100%        4
 Flame Wave               Conj/Fire      0%         2d4       100%        4
 Passage of Golubria      Tloc           0%         N/A       100%        4
 Freezing Cloud           Conj/Ice/Air   0%         6-21      100%        5
 Yara's Violent Unravell  Hex/Tmut       0%         3d3       100%        5
 Dispersal                Tloc           0%         N/A       100%        6
 Dragon Form              Tmut           0%         N/A       100%        7
 Summon Small Mammal      Summ           Unusable   N/A       N/A         1
 Call Imp                 Summ           Unusable   N/A       N/A         2
 Tukima's Dance           Hex            Unusable   N/A       N/A         3
 Summon Cactus Giant      Summ           Unusable   N/A       N/A         6
 Summon Horrible Things   Summ           Unusable   N/A       N/A         8
 Dragon's Call            Summ           Unusable   N/A       N/A         9

Dungeon Overview and Level Annotations

Branches:
Dungeon (15/15)            Temple (1/1) D:6            Lair (5/5) D:11
  Swamp (3/4) Lair:2        Snake (0/4) Lair:3        Slime (0/5) Lair:5
    Orc (2/2) D:11            Elf (0/3) Orc:2        Vaults (0/5) D:13
 Depths (0/4) D:15          IceCv (visited)

Altars:
Ashenzari
Cheibriados
Dithmenos
Fedhas
Gozag
Hepliaklqana
Kikubaaqudgha
Makhleb
Nemelex Xobeh
Okawaru
Qazlal
Ru
Sif Muna
Trog
Uskayaw
Vehumet
Wu Jian
Xom
Yredelemnul
Jiyva

Shops:
D:3 [   D:8 *(   D:9 ?   D:12 :[=[*   Orc:2 *(?*=

Annotations:
D:3 1 runed translucent door, Sabo's ghost, amateur DsMo
D:8 3 runed translucent doors, Fodor's ghost, novice MiFi; jurchenman's ghost, novice DECj; viagra's ghost, novice MiFi
D:9 3 runed translucent doors, jurchenman's ghost, novice DECj
D:12 2 runed translucent doors, 2 transporters
Temple 2 transporters
Lair:1 exclusion: oklob plant
Lair:3 exclusion: oklob plant


Innate Abilities, Weirdness & Mutations

You have a pair of large antennae on your head. (SInv)
You are completely covered in large bone plates. (SH +8)
You regenerate health from kills.
You are powered by pain.


Message History

You are engulfed in poison gas.
You are more poisoned.
* * * LOW HITPOINT WARNING * * *
x2 You feel extremely sick.
You block the swamp dragon's attack. x3
You barely miss the swamp dragon.
The swamp dragon is severely wounded.
You are engulfed in poison gas.
You are lethally poisoned!
* * * LOW HITPOINT WARNING * * *
x2 You feel extremely sick.
You block the swamp dragon's attack. x3
You feel better.
You are engulfed in poison gas.
You are poisoned.
* * * LOW HITPOINT WARNING * * *
x2 You feel very sick.
You block the swamp dragon's attack. x3
You hit the swamp dragon.
The swamp dragon is severely wounded.
You feel very sick.
The swamp dragon breathes poison at you.
The blast of poison engulfs you but does no damage.
You are lethally poisoned!
Unknown command.
You feel better.
You are engulfed in poison gas.
You are poisoned.
You feel very sick.
The swamp dragon bites you but does no damage.
You block the swamp dragon's attack. x2
You slash the swamp dragon! You drain the swamp dragon.
You put the swamp dragon out of its misery!
You kill the swamp dragon!
Okawaru accepts your kill.
You are engulfed in poison gas.
You are lethally poisoned!
* * * LOW HITPOINT WARNING * * *
You feel very sick.
You are engulfed in poison gas.
You are more poisoned.
* * * LOW HITPOINT WARNING * * *
You die...

~~~~.~..~~~~~.~...........~♣♣♣♣♣♣
~~~~~^..~~~~............~.♣♣ ♣♣.
..~~...~~~.~.~~.........~♣♣♣♣♣♣~~
..~~~.~..~~~~~§~.....~.~♣♣.~.~.~~
♣.~~~§~~...~~...~....~~~~~~~.....
~.~~~~~♣.♣♣~...~.~....~~~.....~~.
...~~~~.♣♣♣♣.~.~~§~.♣.~~~....§§~.
...~~....♣ ♣~..○~○~.♣....♣....~~.
..~~~.~.♣♣♣♣~.°°@°.♣♣♣.~~~..~....
.....♣♣♣♣♣♣.~○°°°♣♣♣ ♣♣~~~~~~~~.~
.~~~~.~♣.~..§~~°~♣ ♣♣...~~~~~.♣♣
~~~~~§....~♣.....♣ ♣.♣.~.~~~~...
~~~~~.~§~♣♣♣♣...§♣ ♣♣♣♣♣♣....~.~
~~~~~.~~~♣♣♣~...♣♣ ♣♣♣♣~..~
~~~~~..~~♣♣....~♣ ♣♣.~~
~.~~~...>♣♣~.♣♣~♣ ♣...
~...♣♣♣♣♣♣♣♣♣♣♣♣♣ ♣♣..


There were no monsters in sight!

Vanquished Creatures
  A lich (IceCv)
  A thorn hunter (Swamp:1)
  3 eleionomae
  2 bunyips (Swamp:1)
  Josephine (Orc:2)
  An ice dragon (D:14)
  8 vault guards
  4 ogre magi (Orc:2)
  2 caustic shrike simulacra (IceCv)
  5 hydras
  4 centaur warriors
  4 boulder beetles
  4 ghost crabs
  A catoblepas (D:13)
  2 alligators
  19 two-headed ogres
  A vampire mage (D:15)
  6 death yaks
  2 tengu warriors (D:14)
  Urug (D:13)
  3 goliath frogs (Swamp:2)
  2 skeletal warriors
  2 spriggan druids (Swamp:2)
  2 bog bodies
  A lindwurm (Lair:5)
  An iron dragon zombie (D:15)
  2 wolf spiders
  A spriggan simulacrum (IceCv)
  A shadow dragon zombie (D:15)
  2 deep elf pyromancers
  2 swamp dragons
  A necromancer (D:15)
  An obsidian statue (IceCv)
  2 orc knights
  An orc sorcerer (Orc:2)
  15 ugly things
  5 cyclopes
  A will-o-the-wisp (Swamp:2)
  8 elephants
  A stone giant skeleton (D:15)
  2 manticores
  A guardian serpent (Lair:5)
  12 black mambas
  16 cane toads
  An unseen horror (D:9)
  4 kobold demonologists
  2 rime drakes
  An ice devil (D:14)
  2 efreet
  16 freezing wraiths
  4 komodo dragons
  A tengu conjurer (D:14)
  A queen bee (shapeshifter) (D:14)
  3 anaconda simulacra (IceCv)
  A guardian mummy (D:15)
  14 polar bears
  6 trolls
  6 meliai
  3 tyrant leeches
  11 blink frogs
  5 hornets
  4 dream sheep (Lair:5)
  A hornet (shapeshifter) (D:15)
  3 slime creatures (D:14)
  A spriggan skeleton (D:15)
  A culicivora (shapeshifter) (D:12)
  2 centaur simulacra (D:14)
  3 dire elephant simulacra (IceCv)
  6 wraiths
  18 yaks
  2 spriggans
  17 wyverns
  3 minotaur simulacra (IceCv)
  A human (shapeshifter) (D:14)
  3 basilisks
  14 vampire mosquitoes
  14 wargs
  3 harpy simulacra (IceCv)
  11 swamp worms
  An acid dragon (D:11)
  27 water moccasins
  15 hell hounds (Lair:5)
  A meliai simulacrum (D:14)
  4 sky beasts
  14 orc warriors
  4 ice beasts
  12 black bears
  An ettin simulacrum (IceCv)
  24 ogres
  30 wolves
  9 centaurs
  2 phantoms (D:7)
  16 kobold brigands
  2 gnoll sergeants
  10 bullfrogs
  A scorpion (D:5)
  2 deep troll simulacra (IceCv)
  3 wights (D:8)
  A hornet simulacrum (D:14)
  16 killer bees
  2 lindwurm simulacra (IceCv)
  3 electric eels
  9 howler monkeys
  2 quasits (D:4)
  6 hounds
  A jelly (D:6)
  13 orc priests
  An iron imp (D:14)
  13 orc wizards
  2 sleepcaps
  6 iguanas
  10 adders
  13 gnolls
  A shadow imp (D:4)
  8 white imps
  4 ufetubi
  A worm (D:2)
  3 dart slugs
  40 orcs
  6 endoplasms
  2 giant cockroaches (D:4)
  3 goblins
  4 hobgoblins
  3 jackals (D:1)
  12 ball pythons
  8 bats
  4 frilled lizards
  14 kobolds
  5 rats
739 creatures vanquished.

Vanquished Creatures (others)
  A bog body (IceCv)
  A bloated husk (Swamp:1)
  2 vampire mosquitoes (Swamp:1)
  An orc wizard (Orc:2)
  An orc (Orc:2)
  14 foxfires (Swamp:2)
20 creatures vanquished.

Grand Total: 759 creatures vanquished

Notes
Turn   | Place    | Note
-------+----------+-------------------------------------------
     0 | D:1      | notrotatoenough the Demonspawn Gladiator began the quest
                  | for the Orb.
     0 | D:1      | Reached XP level 1. HP: 16/16 MP: 1/1
   453 | D:1      | Gained mutation: You sometimes gain a little power by
                  | taking damage. [demonic ancestry]
   453 | D:1      | Reached XP level 2. HP: 22/22 MP: 2/2
  1040 | D:2      | Gained mutation: You sometimes gain power by taking damage.
                  | [demonic ancestry]
  1040 | D:2      | Reached XP level 3. HP: 27/27 MP: 3/3
  1852 | D:3      | Found a runed translucent door.
  1856 | D:3      | Found Rekeqoz's Antique Armour Shop.
  2058 | D:3      | Reached skill level 1 in Armour
  2058 | D:3      | Gained mutation: You are partially covered in large bone
                  | plates. (SH +4) [demonic ancestry]
  2058 | D:3      | Reached XP level 4. HP: 33/33 MP: 4/4
  2171 | D:3      | Noticed Sabo's ghost (amateur DsMo)
  2584 | D:4      | Found a stormy altar of Qazlal.
  2907 | D:4      | Gained mutation: You are mostly covered in large bone
                  | plates. (SH +6) [demonic ancestry]
  2907 | D:4      | Reached XP level 5. HP: 34/38 MP: 5/5
  3001 | D:4      | Reached skill level 5 in Axes
  3193 | D:5      | Entered Level 5 of the Dungeon
  3232 | D:5      | Gained mutation: You are completely covered in large bone
                  | plates. (SH +8) [demonic ancestry]
  3232 | D:5      | Reached XP level 6. HP: 44/44 MP: 6/6
  3336 | D:5      | Reached skill level 1 in Shields
  3553 | D:5      | Found a shadowy altar of Dithmenos.
  3881 | D:6      | Reached XP level 7. HP: 45/50 MP: 7/7
  4106 | D:6      | Found a staircase to the Ecumenical Temple.
  4143 | Temple   | Entered the Ecumenical Temple
  4143 | Temple   | Found a transporter.
  4143 | Temple   | Found a transporter.
  4146 | Temple   | Found a transporter.
  4146 | Temple   | Found a transporter.
  4173 | Temple   | Became a worshipper of Warmaster Okawaru
  4595 | Temple   | Reached * piety under Okawaru
  4596 | Temple   | Gained mutation: You have a pair of small antennae on your
                  | head. [demonic ancestry]
  4596 | Temple   | Reached XP level 8. HP: 54/56 MP: 8/8
  4974 | D:6      | Identified the +0 robe of Kikubaaqudgha's Favour {Dex+3}
  5039 | D:6      | Found the +7 Throatcutter {drain, coup de grace}
  5109 | D:6      | Reached ** piety under Okawaru
  5126 | D:6      | Reached skill level 10 in Axes
  5263 | D:7      | Noticed a hornet
  5270 | D:6      | Paralysed by a hornet for 2 turns
  5280 | D:6      | Killed a hornet
  5281 | D:6      | Reached XP level 9. HP: 48/61 MP: 7/9
  5554 | D:7      | Reached *** piety under Okawaru
  5655 | D:7      | Reached skill level 5 in Long Blades
  5754 | D:7      | Found a sacrificial altar of Ru.
  6164 | D:8      | Found Viamaob's Weapon Shop.
  6587 | D:8      | Found Jegir's Island Escapes.
  6831 | D:8      | Found a runed translucent gate.
  6831 | D:8      | Found a runed translucent gate.
  6831 | D:8      | Found a runed translucent gate.
  6833 | D:8      | Noticed viagra's ghost (novice MiFi)
  6833 | D:8      | Noticed jurchenman's ghost (novice DECj)
  6833 | D:8      | Noticed Fodor's ghost (novice MiFi)
  6986 | D:9      | Found a runed translucent gate.
  6989 | D:9      | Found a runed translucent gate.
  6990 | D:9      | Found a runed translucent gate.
  6991 | D:9      | Found an opulent altar of Gozag.
  6994 | D:9      | Noticed a two-headed ogre
  7004 | D:9      | Killed a two-headed ogre
  7005 | D:9      | Gained mutation: You regenerate a little health from kills.
                  | [demonic ancestry]
  7005 | D:9      | Reached XP level 10. HP: 34/67 MP: 10/10
  7012 | D:9      | Noticed a two-headed ogre
  7419 | D:9      | Reached **** piety under Okawaru
  7499 | D:9      | Noticed a deep elf pyromancer
  7499 | D:9      | Noticed a green ugly thing
  7500 | D:9      | Noticed jurchenman's ghost (novice DECj)
  7588 | D:9      | Killed a two-headed ogre
  7740 | D:9      | Found Bafa's Magic Scroll Shop.
  7757 | D:9      | Bought a scroll of fear for 52 gold pieces
  7757 | D:9      | Bought a scroll of fear for 52 gold pieces
  7757 | D:9      | Bought a scroll of identify for 26 gold pieces
  7757 | D:9      | Bought a scroll of identify for 26 gold pieces
  8032 | D:10     | Entered Level 10 of the Dungeon
  8041 | D:10     | Noticed an orc knight
  8058 | D:10     | Killed an orc knight
  8061 | D:10     | Reached skill level 5 in Armour
  8069 | D:10     | Reached ***** piety under Okawaru
  8083 | D:10     | Reached skill level 5 in Fighting
  8129 | D:10     | Gained mutation: You regenerate health from kills. [demonic
                  | ancestry]
  8129 | D:10     | Reached XP level 11. HP: 73/80 MP: 11/11
  8463 | D:11     | Found a staircase to the Orcish Mines.
  8734 | D:11     | Found a staircase to the Lair.
  8881 | D:11     | Found Zin's Purification Station.
  8889 | D:11     | Bought a potion of curing for 90 gold pieces
  9190 | D:11     | Noticed a cyan ugly thing
  9200 | D:11     | Killed a cyan ugly thing
  9239 | D:11     | Identified the +3 mace of Sequestration {pain, rN+}
  9313 | D:11     | Noticed a brown ugly thing
  9335 | D:11     | Killed a brown ugly thing
  9336 | D:11     | Reached skill level 10 in Long Blades
  9336 | D:11     | Reached skill level 1 in Stealth
  9517 | Lair:1   | Entered Level 1 of the Lair of Beasts
  9517 | Lair:1   | Noticed a death yak
  9517 | Lair:1   | Noticed a death yak
  9517 | Lair:1   | Noticed a death yak
  9554 | Orc:1    | Entered Level 1 of the Orcish Mines
  9620 | Orc:1    | Identified the +1 broad axe "Ekuhutaw" {vamp, Int+2}
                  | (Okawaru gifted it to you on level 1 of the Orcish Mines)
  9620 | Orc:1    | Received a gift from Okawaru
  9824 | Orc:1    | You fall into a shaft and drop 1 floor!
  9824 | Orc:2    | Entered Level 2 of the Orcish Mines
 10935 | Lair:1   | Noticed an oklob plant
 11552 | Lair:2   | Gained mutation: You are powered by pain. [demonic
                  | ancestry]
 11552 | Lair:2   | Reached XP level 12. HP: 81/92 MP: 12/12
 11778 | Lair:2   | Found a staircase to the Swamp.
 12493 | Lair:3   | Found a staircase to the Snake Pit.
 12530 | Lair:3   | Reached ****** piety under Okawaru
 12536 | Lair:3   | Received a gift from Okawaru
 12835 | Lair:3   | Noticed a seven-headed hydra
 13022 | Lair:3   | Found a shadowy altar of Dithmenos.
 13101 | Lair:3   | Reached skill level 1 in Invocations
 13123 | Lair:3   | Reached skill level 1 in Evocations
 13246 | Lair:3   | Identified the +1 mace of Greatest Utility {flame, Str+3
                  | Dex+3 SInv}
 13335 | D:11     | Killed a death yak
 13342 | D:11     | Killed a death yak
 13345 | D:11     | Killed a death yak
 13489 | Lair:3   | Killed a nine-headed hydra
 13490 | Lair:3   | Reached skill level 5 in Invocations
 14155 | Lair:4   | Reached skill level 5 in Evocations
 14220 | Lair:4   | Reached XP level 13. HP: 101/101 MP: 18/18
 14808 | Lair:5   | Entered Level 5 of the Lair of Beasts
 14851 | Lair:4   | Identified the +0 hat "Xoxeomib" {Harm Slay+2} (Okawaru
                  | gifted it to you on level 4 of the Lair of Beasts)
 14851 | Lair:4   | Received a gift from Okawaru
 15301 | Lair:5   | Identified the amulet "Royzagoo" {Faith +Blink Will++ rCorr
                  | Int-3}
 15415 | Lair:5   | Reached skill level 10 in Armour
 15432 | Lair:5   | Received a gift from Okawaru
 15689 | Lair:5   | Gained mutation: You have a pair of antennae on your head.
                  | [demonic ancestry]
 15689 | Lair:5   | Reached XP level 14. HP: 108/108 MP: 19/19
 15702 | Lair:5   | Identified the +8 battleaxe "Ruicof" {heavy, rPois Will+
                  | Dex-5} (Okawaru gifted it to you on level 5 of the Lair of
                  | Beasts)
 15702 | Lair:5   | Received a gift from Okawaru
 16103 | Lair:5   | Found a viscous altar of Jiyva.
 16104 | Lair:5   | Found a staircase to the Slime Pits.
 16231 | Lair:5   | Paralysed by a hornet for 1 turns
 16361 | Lair:5   | Got the Essays on Impure Bringing Forth
 16431 | Lair:5   | Identified 2 scrolls of acquirement
 16433 | Lair:5   | Acquired 689 gold pieces
 16435 | Lair:5   | Acquired 753 gold pieces
 16744 | Orc:2    | Found a staircase to the Elven Halls.
 17071 | Orc:2    | Noticed Josephine
 17106 | Orc:2    | Paralysed by an ogre mage for 3 turns
 17160 | Orc:2    | Identified the +5 great sword "Bunuus" {heavy, rPois Will-
                  | Str+4} (Okawaru gifted it to you on level 2 of the Orcish
                  | Mines)
 17160 | Orc:2    | Received a gift from Okawaru
 17165 | Orc:2    | Killed Josephine
 17319 | Orc:2    | Found Soppecs's Magic Scroll Emporium.
 17319 | Orc:2    | Found Uwafoll's Assorted Antiques.
 17333 | Orc:2    | Received a gift from Okawaru
 17341 | Orc:2    | Found Niebleal's General Store.
 17341 | Orc:2    | Found Loetzif's Antique Weapon Emporium.
 17381 | Orc:2    | Bought a scroll of identify for 28 gold pieces
 17381 | Orc:2    | Bought a scroll of magic mapping for 105 gold pieces
 17381 | Orc:2    | Bought a scroll of identify for 28 gold pieces
 17381 | Orc:2    | Bought a scroll of identify for 28 gold pieces
 17381 | Orc:2    | Bought a scroll of identify for 28 gold pieces
 17389 | Orc:2    | Bought a scroll of identify for 70 gold pieces
 17389 | Orc:2    | Bought a scroll of identify for 70 gold pieces
 17391 | Orc:2    | Bought a scroll of blinking for 105 gold pieces
 17521 | Orc:2    | Found Qenlogur's Jewellery Shop.
 17530 | Orc:2    | Bought a +4 ring of protection for 576 gold pieces
 17758 | D:12     | Found Niezaos's Book Emporium.
 18041 | D:12     | Identified the +0 chain mail of Wafoc {Will+}
 18070 | D:12     | Found Ziakk's Jewellery Shoppe.
 18078 | D:12     | Bought a ring of see invisible for 150 gold pieces
 18167 | D:12     | Found a large runed translucent door.
 18167 | D:12     | Found a large runed translucent door.
 18196 | D:12     | Found a transporter.
 18196 | D:12     | Found Onwoh's Antique Armour Emporium.
 18223 | D:12     | Found a transporter.
 18341 | D:12     | Received a gift from Okawaru
 18560 | D:13     | Found a gate to the Vaults.
 18617 | D:12     | Gained mutation: You have a pair of large antennae on your
                  | head. (SInv) [demonic ancestry]
 18617 | D:12     | Reached XP level 15. HP: 108/113 MP: 20/20
 18710 | D:12     | Found Jyjemmoz's General Store.
 18716 | D:12     | Bought a potion of berserk rage for 85 gold pieces
 18716 | D:12     | Bought a scroll of identify for 34 gold pieces
 18808 | D:12     | Found Nohyolu's Antique Armour Shoppe.
 19070 | D:13     | Noticed Urug
 19082 | D:13     | Killed Urug
 19219 | D:13     | Reached skill level 5 in Shields
 20273 | D:14     | Found a frozen archway.
 20302 | IceCv    | Entered an ice cave
 20682 | IceCv    | Noticed a lich
 20713 | IceCv    | HP: 1/112 [disintegration (65)]
 20734 | IceCv    | Killed a lich
 21182 | IceCv    | Found an ancient bone altar of Kikubaaqudgha.
 21504 | D:14     | Received a gift from Okawaru
 21627 | D:14     | Reached skill level 10 in Shields
 21959 | D:15     | Entered Level 15 of the Dungeon
 22404 | D:15     | Found a staircase to the Depths.
 22532 | D:15     | Reached XP level 16. HP: 117/120 MP: 21/21
 23413 | Swamp:1  | Entered Level 1 of the Swamp
 24022 | Swamp:1  | Noticed a thorn hunter
 24196 | Swamp:1  | Killed a thorn hunter
 24260 | Swamp:1  | Identified the +9 falchion "Zesil" {venom, Fragile rC+ rN+}
                  | (Okawaru gifted it to you on level 1 of the Swamp)
 24260 | Swamp:1  | Received a gift from Okawaru
 24556 | Swamp:2  | Reached skill level 10 in Fighting
 25175 | Swamp:2  | HP: 6/124 [something (5)]
 25175 | Swamp:2  | Succumbed to poison (poison gas)

Illustrated notes

Levels and vault maps discovered:
D:1:      heliophobic_arrival_dark_side_of_the_moon, layout_loops_corners,
          columned_hall_lemuel, chequers_serial_rivers_small_a,
          due_unseen_surprise
D:2:      layout_loops_ring
D:3:      layout_basic, ebering_ghost_reflecting_pool, serial_shops, shop,
          minmay_strange_pillars
D:4:      layout_gridville, nicolae_qazlal_scattered_showers, serial_demonic,
          serial_demonic_g, serial_demonic_b, serial_demonic_c,
          serial_demonic_f, serial_demonic_f, serial_demonic_g,
          wad_floor_pattern_2, hangedman_minor_gate_pass
D:5:      layout_rooms, grunt_dithmenos_smoke
D:6:      layout_basic, temple_green, dilly_guarded_unrand_throatcut
D:7:      layout_rooms, lemuel_coloured_pillars_altar, minmay_strange_pillars,
          kennysheep_generic_room_15
D:8:      layout_basic, gammafunk_ghost_cemetery, serial_shops,
          nicolae_shop_tiny_glass, nicolae_island_escapes
D:9:      layout_loops_corners, ebering_ghost_gozag, serial_shops, shop
D:10:     layout_basic
D:11:     layout_irregular_city, erik_lair_orcish_takeover, david_orc_3,
          zin_purify
D:12:     okawaru_arena_lexackson, layout_loops_ring, serial_shops,
          nicolae_diamond_shop, shop, nicolae_shop_drivethru, shop,
          nicolae_shop_tiny_real_fake_doors, minmay_evil_grid
D:13:     layout_basic, erik_vaults_2, grunt_ministairs_9, uniq_urug
D:14:     kennysheep_demon_hangout, layout_cave_pods, minmay_misc_feat_cross,
          serial_ice, serial_ice_n, serial_ice_e, serial_ice_a, serial_ice_i,
          serial_ice_c, serial_ice_b, serial_ice_g, portal_ice_cave_entry_dragon
D:15:     gammafunk_depths_entry_grave, layout_grid_maze, serial_park_fountain,
          nicolae_tso_swordbearing_angel
Temple:   hellmonk_temple_divided_pantheon
Lair:1:   minmay_lair_oklob_tunnel, layout_small_grid
Lair:2:   layout_regular_city, nicolae_swamp_entry_splash_gauntlet,
          serial_bayou_shore_a
Lair:3:   layout_chaotic_city, minmay_snake_entry_six_corridors,
          lemuel_oklob_altar, serial_bayou_shore_b, grunt_megastairs_5,
          infiniplex_staircase_pool
Lair:4:   layout_loops_ring
Lair:5:   hangedman_lair_caniforms_friends, layout_big_grid,
          hangedman_lair_tendril_chambers, slime_entry_1
Swamp:1:  layout_basic_swamp, nicolae_swamp_big_swirl
Swamp:2:  layout_basic_swamp, nicolae_swamp_round_clearing, ldierk_geyser,
          swamp_pool4
Swamp:3:  layout_falls_marsh, serial_swamp_ruin, evilmike_swamp_ruin_house_1,
          evilmike_swamp_ruin_house_5, hangedman_swamp_ruin_hall, swamp_pool1,
          uniq_nikola
Orc:1:    layout_caves, mines1_david
Orc:2:    st_orc_ogre_mass, layout_diamond_mine, serial_shops,
          nicolae_shop_pleasant_corner_grove, mines_bat_river, uniq_josephine

Skill      XL: |  1  2  3  4  5  6  7  8  9 10 11 12 13 14 15 16 |
---------------+-------------------------------------------------+-----
Axes           | 3 4 5 6 8 10 | 10.1
Armour         | 1 2 3 5 7 8 10 14 | 14.0
Shields        | 2 11 | 11.9
Long Blades    | 2 8 9 10 11 13 14 | 14.2
Fighting       | 5 7 9 10 | 10.8
Stealth        | 1 |  1.0
Invocations    | 7 |  7.0
Evocations     | 5 7 |  7.0
Throwing       | |  1.7
Dodging        | |  2.7

Action                     |  1- 3 |  4- 6 |  7- 9 | 10-12 | 13-15 | 16-18 || total
---------------------------+-------+-------+-------+-------+-------+-------++-------
  Melee: War axe           |   125 |   162 |   211 |       |       |       ||   498
         Punch             |       |     1 |       |       |       |       ||     1
         Long sword        |       |       |   137 |   669 |  1326 |   152 ||  2284
         Mace              |       |       |       |     9 |    15 |       ||    24
         Scimitar          |       |       |       |       |   168 |    32 ||   200
         Great sword       |       |       |       |       |       |   115 ||   115
  Throw: Throwing net      |       |       |       |       |     1 |       ||     1
 Invoke: Heroism           |       |       |     5 |    13 |    12 |     5 ||    35
         Finesse           |       |       |       |       |     2 |     1 ||     3
  Evoke: Wand              |       |       |       |       |     3 |       ||     3
    Use: Scroll            |       |       |    10 |     9 |    20 |     4 ||    43
         Potion            |       |       |     5 |     4 |     7 |     5 ||    21
 Armour: Leather armour    |    32 |       |       |       |       |       ||    32
         Plate armour      |    50 |   146 |   173 |   324 |   661 |   230 ||  1584
  Dodge: Dodged            |    89 |    51 |    69 |   313 |   553 |   216 ||  1291
  Block: Other             |       |    22 |       |       |       |    66 ||    88
         Buckler           |       |    58 |   193 |   488 |   509 |       ||  1248
         Kite shield       |       |       |       |       |   747 |   232 ||   979
